 Dungeon Crawl Stone Soup version 0.29-a0-1043-g569b05d6ff (webtiles) character file.

Game seed: 7978416273096336870

255802 nickcage the Phalangite (level 19, 0/162 (176) HPs)
             Began as a Merfolk Gladiator on Aug 15, 2022.
             Was the Champion of Qazlal.
             Slain by a deep elf blademaster
             ... wielding a +0 rapier
              (15 damage)
             ... on level 3 of the Elven Halls.
             The game lasted 01:49:29 (40232 turns).

nickcage the Phalangite (Merfolk Gladiator)        Turns: 40232, Time: 01:49:30

HP:   0/162 (176)   AC: 33    Str: 20    XL:     19   Next: 79%
MP:   24/24         EV: 16    Int:  8    God:    Qazlal [******]
Gold: 3584          SH: 13    Dex: 21    Spells: 6/18 levels left

rFire   . . .      SeeInvis .   w - +4 glaive (flame)
rCold   . . .      Faith    .   (shield currently unavailable)
rNeg    . . .      Spirit   .   S - +1 plate armour
rPois   +          Reflect  +   c - +2 helmet
rElec   .          Harm     .   X - +2 cloak
rCorr   .          Rampage  .   l - +2 pair of gloves
Will    +++..                   a - +1 pair of boots of Submission {Will+ Dex+4}
Stlth   ..........              p - amulet of reflection
HPRegen 0.37/turn               n - +4 ring of slaying
MPRegen 0.19/turn               Z - ring of poison resistance

@: protected from physical damage, drained, repel missiles
A: (nimble swimmer 2), mertail, iridescent scales 1, strong-willed 1, screaming
1
}: 2/15 runes: decaying, serpentine
a: Renounce Religion, Upheaval, Elemental Force, Disaster Area


You were on level 3 of the Elven Halls.
You worshipped Qazlal.
Qazlal was exalted by your worship.
You visited 7 branches of the dungeon, and saw 34 of its levels.
You also visited: Sewer.

You collected 3668 gold pieces.
You spent 84 gold pieces at shops.

Inventory:

Hand Weapons
 v - the +11 halberd "Ysih" {pain, MP-9 Str+3 Dex+3 Stlth+}
   (You acquired it on level 7 of the Dungeon)

   In the hands of one skilled in necromantic magic, it inflicts extra damage on
   living creatures.
   Str:       It affects your strength (+3).
   Dex:       It affects your dexterity (+3).
   MP:        It affects your magic capacity (-9).
   Stlth:     It makes you more stealthy.
 w - a +4 glaive of flaming (weapon)
 Q - a +5 vampiric glaive
Missiles
 d - 6 throwing nets
 G - 11 curare-tipped darts
Armour
 a - the +1 pair of boots of Submission (worn) {Will+ Dex+4}
   (You acquired it on level 4 of the Lair of Beasts)

   Dex:       It affects your dexterity (+4).
   Will:      It increases your willpower.
 c - a +2 helmet (worn)
 l - a +2 pair of gloves (worn)
 A - a +2 ring mail of cold resistance
 S - a +1 plate armour (worn)
 X - a +2 cloak (worn)
Jewellery
 n - a +4 ring of slaying (left hand)
 p - an amulet of reflection (around neck)
 s - an amulet of regeneration
 I - a +4 ring of slaying
 K - a ring of fire
 O - a ring of resist corrosion
 P - a ring of wizardry
 R - a +6 ring of strength
 T - an amulet of guardian spirit
 U - a ring of protection from fire
 Y - a ring of see invisible
 Z - a ring of poison resistance (right hand)
Wands
 i - a wand of roots (12)
 t - a wand of charming (47)
 F - a wand of light (25)
 M - a wand of flame (39) (quivered)
 N - a wand of mindburst (28)
 W - a wand of digging (5)
Scrolls
 e - 2 scrolls of poison
 f - 10 scrolls of teleportation
 j - 4 scrolls of magic mapping
 m - 8 scrolls of fear
 r - 3 scrolls of enchant armour
 y - 2 scrolls of summoning
 B - 2 scrolls of blinking
 H - 2 scrolls of fog
Potions
 g - 6 potions of flight
 h - 3 potions of haste
 k - 2 potions of lignification
 o - 3 potions of heal wounds
 q - 2 potions of invisibility
 x - 5 potions of might
 z - 16 potions of curing
 C - 5 potions of mutation
 D - 3 potions of resistance
 E - 5 potions of cancellation
 J - 2 potions of berserk rage
 L - a potion of ambrosia
Miscellaneous
 b - a lightning rod (4/4)
 u - a phantom mirror
 V - a condenser vane


   Skills:
 + Level 22.6 Fighting
 + Level 26.6 Polearms
 - Level 2.0 Throwing
 - Level 10.0 Armour
 * Level 17.4 Dodging
 - Level 1.1 Shields
 - Level 7.0 Invocations


You had 6 spell levels left.
You knew the following spells:

 Your Spells              Type           Power      Damage    Failure   Level
a - Tukima's Dance        Hex            0%         N/A       100%        3
b - Blink                 Tloc           0%         N/A       100%        2
c - Storm Form            Tmut/Air       0%         N/A       100%        7

Your spell library contained the following spells:

 Spells                   Type           Power      Damage    Failure   Level
 Beastly Appendage        Tmut           0%         N/A       100%        1
 Shock                    Conj/Air       0%         1d3       100%        1
 Slow                     Hex            0%         N/A       100%        1
 Ensorcelled Hibernation  Hex/Ice        0%         N/A       100%        2
 Passwall                 Tmut/Erth      0%         N/A       100%        2
 Confusing Touch          Hex            0%         N/A       100%        3
 Dazzling Flash           Conj/Hex       0%         N/A       100%        3
 Frozen Ramparts          Ice            0%         1d1       100%        3
 Gell's Gravitas          Tloc           0%         N/A       100%        3
 Ignite Poison            Fire/Tmut/Pois 0%         N/A       100%        3
 Lesser Beckoning         Tloc           0%         N/A       100%        3
 Ozocubu's Armour         Ice            0%         N/A       100%        3
 Portal Projectile        Hex/Tloc       0%         N/A       100%        3
 Stone Arrow              Conj/Erth      0%         3d7       100%        3
 Swiftness                Air            0%         N/A       100%        3
 Teleport Other           Tloc           0%         N/A       100%        3
 Vampiric Draining        Necr           0%         2d6       100%        3
 Airstrike                Air            0%         2d(0-16)  100%        4
 Animate Armour           Summ/Erth      0%         N/A       100%        4
 Ice Form                 Ice/Tmut       0%         N/A       100%        4
 Summon Ice Beast         Ice/Summ       0%         N/A       100%        4
 Summon Lightning Spire   Summ/Air       0%         N/A       100%        4
 Agony                    Necr           0%         N/A       100%        5
 Blade Hands              Tmut           0%         N/A       100%        5
 Fireball                 Conj/Fire      0%         3d3       100%        5
 Iskenderun's Battlesphe  Conj           0%         2d6       100%        5
 Lightning Bolt           Conj/Air       0%         1d11      100%        5
 Manifold Assault         Tloc           0%         N/A       100%        5
 Metabolic Englaciation   Hex/Ice        0%         N/A       100%        5
 Silence                  Hex/Air        0%         N/A       100%        5
 Yara's Violent Unravell  Hex/Tmut       0%         3d3       100%        5
 Iron Shot                Conj/Erth      0%         9d1       100%        6
 Simulacrum               Ice/Necr       0%         N/A       100%        6
 Statue Form              Tmut/Erth      0%         N/A       100%        6
 Lehudib's Crystal Spear  Conj/Erth      0%         10d2      100%        8
 Shatter                  Erth           0%         3d5*      100%        9


Dungeon Overview and Level Annotations

Branches:
Dungeon (15/15)            Temple (1/1) D:4            Lair (5/5) D:11
  Swamp (4/4) Lair:2        Snake (4/4) Lair:3        Slime (0/5) Lair:4
    Orc (2/2) D:9             Elf (3/3) Orc:2        Vaults (0/5) D:14
 Depths (0/4) D:15          Sewer (visited)

Altars:
Ashenzari
Cheibriados
Dithmenos
Elyvilon
Fedhas
Gozag
Hepliaklqana
Kikubaaqudgha
Makhleb
Nemelex Xobeh
Okawaru
Qazlal
Ru
Sif Muna
Trog
Uskayaw
Vehumet
Wu Jian
Xom
Yredelemnul
Zin
The Shining One

Shops:
D:4 !   D:7 ?   D:9 =   Orc:2 !:?[

Portals:
Pandemonium: Orc:2
Trove: D:10 (give +5 demon trident)

Annotations:
D:15 2 transporters, Ryruocesk's ghost, adept DEFE
Lair:3 1 runed translucent door
Swamp:2 2 transporters, Valamore's ghost, adept HOMo


Innate Abilities, Weirdness & Mutations

((You are very nimble when in or above water. (Stealth+, EV+, Speed+++)))
Your lower body shifts to a powerful aquatic tail in water.
You are partially covered in iridescent scales. (AC +2)
You are strong-willed. (Will+)
You occasionally shout uncontrollably at your foes.


Message History

The deep elf death mage points at you and mumbles some strange words.
The bolt of negative energy hits the lost soul.
The lost soul completely resists.
The bolt of negative energy misses you.
The deep elf blademaster barely misses you.
You block the deep elf blademaster's attack.
The deep elf annihilator gestures wildly while chanting.
The deep elf annihilator blinks!
You hear a shout!
The deep elf blademaster is engulfed in freezing vapours.
The deep elf death mage points at you and mumbles some strange words.
The bolt of negative energy hits you!
You feel drained.
* * * LOW HITPOINT WARNING * * *
You block the deep elf blademaster's attack. x2
The deep elf blademaster attacks as you move away!
The deep elf blademaster barely misses you. x2
There is an open door here.
You see here a +1 flail of protection.
You block the deep elf blademaster's attack. x2
The deep elf blademaster attacks as you move away!
You block the deep elf blademaster's attack.
The deep elf blademaster hits you but does no damage.
The deep elf blademaster attacks as you move away!
The deep elf blademaster hits you but does no damage. x2
The deep elf blademaster hits you with a +0 rapier!
* * * LOW HITPOINT WARNING * * *
You block the deep elf blademaster's attack.
The deep elf blademaster attacks as you move away!
You block the deep elf blademaster's attack. x2
There is an open door here.
Blink to where?
Press: ? - help, Dir - move target
As you read the scroll of blinking, it crumbles to dust.
There is an open door here.
You hear a shout!
The deep elf blademaster is engulfed in blazing flames.
The lost soul fades away!
The deep elf blademaster is engulfed in blazing flames.
The deep elf blademaster barely misses you.
The deep elf blademaster hits you with a +0 rapier!
You die...

#.# #...........# #.# ##'...##
#.# #...........###'###.##.##
#.# ##.........##.....'#####
#.# ##.......##.......##
####'## ##.....##.........##
...<..# #######.°.........#
......# #○§.§...[...#
.....############....○......'..
................@e..........###
#...#'###########○..§.......#
'...##.## ##### ##.°.......##
##.####.###...## ##.......##
##.# ##'#.....## ##.....## ###
##.......## ####### #.........#
########.........#
.......'...).....#


You could see a deep elf blademaster.

Vanquished Creatures
  Vashnia (Snake:4)
  Nikola (Elf:1)
  4 deep elf blademasters
  Asterion (Elf:3)
  2 quicksilver dragons (Snake:4)
  Agnes (Elf:1)
  Roxanne (Swamp:4)
  A thorn hunter (Swamp:4)
  5 nagarajas
  A fenstrider witch (Swamp:3)
  An azure jelly (Lair:5)
  A deep elf sorcerer (Elf:1)
  Aizul (Swamp:1)
  6 eleionomae
  Azrael (D:15)
  2 deep elf annihilators
  4 bunyips (Swamp:3)
  Snorg (Orc:1)
  2 deep elf death magi
  2 shambling mangroves (Swamp:4)
  Erolcha (D:10)
  4 catoblepae
  3 salamander tyrants (Snake:4)
  2 ogre magi (D:15)
  19 hydras
  The ghost of quinnr the Stormcaller, a journeyman TeAE of Vehumet (D:11)
  A boulder beetle (D:15)
  4 centaur warriors
  13 two-headed ogres
  2 demonspawn (Orc:2)
  9 anacondas
  Erica (Orc:1)
  7 alligators
  15 death yaks
  2 tengu warriors (D:15)
  6 naga warriors
  25 dancing weapons
  12 naga sharpshooters
  6 orc high priests
  8 shock serpents
  11 deep elf knights
  Sonja (Lair:2)
  A sun demon (Orc:2)
  17 spriggans
  Nergalle (Orc:1)
  2 goliath frogs
  5 skeletal warriors (D:12)
  17 swamp dragons
  3 spriggan druids
  4 naga ritualists
  4 bog bodies
  22 deep elf pyromancers
  5 mana vipers
  2 necromancers
  8 orc sorcerers
  A wolf spider zombie (D:15)
  6 deep elf archers
  22 deep elf zephyrmancers
  A manticore (shapeshifter) (D:15)
  4 manticores
  4 salamanders
  7 orc knights
  4 will-o-the-wisps
  A moth of wrath (shapeshifter) (D:15)
  A cyclops (shapeshifter) (D:15)
  Joseph (Lair:1)
  15 ugly things
  3 elephants (Lair:5)
  A cyclops (D:15)
  12 naga magi
  Maurice (Orc:1)
  A rust devil (Orc:2)
  An orange demon (Orc:2)
  37 black mambas
  7 guardian serpents
  An unseen horror (D:11)
  11 cane toads
  A rime drake (Lair:5)
  Maggie (D:6)
  10 komodo dragons
  4 gargoyles
  A tengu conjurer (D:15)
  10 trolls
  6 polar bears
  11 hornets
  A bloated husk (Swamp:3)
  A meliai (shapeshifter) (Elf:3)
  10 tyrant leeches
  16 blink frogs
  15 slime creatures
  A meliai zombie (D:15)
  2 vampires
  An air elemental (Elf:3)
  3 wraiths
  A water elemental (Elf:1)
  A ynoxinul (D:11)
  5 wyverns
  Grum (D:8)
  3 fire elementals
  A human (shapeshifter) (Elf:2)
  3 vampire mosquitoes (D:12)
  59 yaks
  3 basilisks (D:11)
  2 steam dragons
  2 neqoxecs (Orc:2)
  18 swamp worms
  7 wargs (Orc:2)
  4 acid dragons
  Duvessa (D:7)
  23 water moccasins
  34 nagas
  29 orc warriors
  9 swamp drakes
  4 hell hounds (D:15)
  A sky beast (D:7)
  3 ice beasts
  2 black bears
  7 centaurs
  10 ogres
  7 wolves
  2 phantoms (D:5)
  10 bullfrogs
  2 gnoll sergeants
  2 earth elementals
  A scorpion (D:6)
  10 wights (D:8)
  Dowan (D:7)
  9 killer bees
  An electric eel (D:10)
  A howler monkey (D:7)
  A lava snake (Lair:2)
  A bullfrog zombie (D:5)
  9 hounds
  25 orc priests
  8 jellies
  3 bullfrog skeletons (D:5)
  3 centaur skeletons
  2 gnoll boudas
  3 iguanas
  Ijyb (D:3)
  A boggart zombie (D:15)
  19 orc wizards
  24 gnolls
  A howler monkey skeleton (D:5)
  7 adders
  A shadow imp (D:8)
  2 white imps (D:8)
  4 ufetubi
  An adder skeleton (D:5)
  3 worms (Sewer)
  2 dart slugs
  56 orcs
  7 endoplasms
  5 giant cockroaches
  2 goblins
  5 hobgoblins
  3 jackals (D:5)
  16 kobolds
  5 quokkas
  9 ball pythons
  4 bats
  A frilled lizard (D:1)
  7 rats
  2 briar patches (Swamp:4)
1041 creatures vanquished.

Vanquished Creatures (collateral kills)
  2 hydras (Swamp:3)
  A swamp dragon (Swamp:1)
3 creatures vanquished.

Vanquished Creatures (others)
  A naga sharpshooter (Snake:4)
  A spriggan (Swamp:3)
  A deep elf pyromancer (Elf:1)
  An ugly thing (D:15)
  A black mamba (Snake:4)
  A naga mage (Snake:2)
  3 bloated husks
  A hornet (Swamp:3)
  A water elemental (Elf:2)
  A fire elemental (D:15)
  6 foxfires
  12 fungi
  65 plants
  A withered plant (D:5)
96 creatures vanquished.

Grand Total: 1140 creatures vanquished

Notes
Turn   | Place    | Note
-------+----------+-------------------------------------------
     0 | D:1      | nickcage the Merfolk Gladiator began the quest for the Orb.
     0 | D:1      | Reached XP level 1. HP: 16/16 MP: 1/1
   408 | D:1      | You fall into a shaft and drop 1 floor!
   439 | D:2      | Reached XP level 2. HP: 22/22 MP: 2/2
   590 | D:1      | Reached skill level 5 in Polearms
   799 | D:1      | Reached XP level 3. HP: 27/27 MP: 3/3
  1542 | D:3      | Noticed an ogre
  1554 | D:3      | Killed an ogre
  1555 | D:3      | Reached skill level 7 in Polearms
  1555 | D:3      | Reached XP level 4. HP: 12/33 MP: 4/4
  1555 | D:3      | Reached XP level 5. HP: 14/38 MP: 5/5
  1989 | D:3      | Found a faded altar of an unknown god.
  2057 | D:3      | Learned a level 3 spell: Tukima's Dance
  2469 | D:3      | Noticed Ijyb
  2475 | D:3      | Killed Ijyb
  2476 | D:3      | Reached skill level 8 in Polearms
  2586 | D:3      | Reached XP level 6. HP: 27/44 MP: 6/6
  2818 | D:4      | Reached skill level 9 in Polearms
  2937 | D:4      | Found a hazy altar of Hepliaklqana.
  3136 | D:4      | Found a staircase to the Ecumenical Temple.
  3136 | D:4      | Found a stormy altar of Qazlal.
  3152 | Temple   | Entered the Ecumenical Temple
  3267 | D:4      | Became a worshipper of Qazlal Stormbringer
  3270 | D:4      | Found a glowing golden altar of the Shining One.
  3428 | D:4      | Found Otifutt's Distillery.
  3436 | D:4      | Bought a potion of might for 48 gold pieces
  3436 | D:4      | Bought a potion of curing for 36 gold pieces
  3466 | D:4      | Identified the +8 short sword "Ziaxodde" {flame, rElec
                  | rPois rF+ Int-4}
  3563 | D:5      | Entered Level 5 of the Dungeon
  3563 | D:5      | Noticed a black bear
  3568 | D:4      | Killed a black bear
  3601 | D:5      | Found a glowing drain.
  3610 | D:5      | Reached skill level 10 in Polearms
  3616 | Sewer    | Entered a sewer
  3624 | Sewer    | Reached XP level 7. HP: 50/50 MP: 7/7
  4075 | D:5      | Reached * piety under Qazlal
  4176 | D:5      | Reached skill level 11 in Polearms
  4218 | D:5      | Reached skill level 1 in Shields
  4279 | D:5      | Reached XP level 8. HP: 48/56 MP: 8/8
  4290 | D:5      | Reached skill level 12 in Polearms
  4841 | D:6      | Reached skill level 13 in Polearms
  5126 | D:6      | Reached skill level 14 in Polearms
  5373 | D:6      | Noticed Maggie
  5385 | D:6      | Killed Maggie
  5386 | D:6      | Reached XP level 9. HP: 8/61 MP: 9/9
  5711 | D:6      | Reached skill level 15 in Polearms
  5862 | D:6      | Found a shimmering blue altar of Sif Muna.
  6454 | D:7      | Noticed Duvessa
  6454 | D:7      | Noticed Dowan
  6466 | D:7      | Killed Duvessa
  6478 | D:7      | Killed Dowan
  6619 | D:7      | Reached skill level 16 in Polearms
  6619 | D:7      | Reached ** piety under Qazlal
  6899 | D:7      | Found Xautuuj's Magic Scroll Boutique.
  7282 | D:7      | Identified a scroll of acquirement
  7282 | D:7      | Acquired the +11 halberd "Ysih" {pain, MP-9 Str+3 Dex+3
                  | Stlth+}
  7527 | D:8      | Reached skill level 1 in Armour
  7537 | D:8      | Noticed Grum
  7542 | D:8      | Reached skill level 5 in Dodging
  7543 | D:8      | Reached XP level 10. HP: 70/70 MP: 1/10
  7552 | D:8      | Killed Grum
  7764 | D:8      | Found a snail-covered altar of Cheibriados.
  7888 | D:8      | Reached skill level 5 in Fighting
  8361 | D:8      | Reached *** piety under Qazlal
  8888 | D:9      | Noticed a two-headed ogre
  8893 | D:9      | Killed a two-headed ogre
  8894 | D:9      | Reached skill level 1 in Invocations
  8957 | D:9      | Found a staircase to the Orcish Mines.
  9072 | D:9      | Reached XP level 11. HP: 83/83 MP: 4/13
  9096 | D:9      | Found Dulif's Jewellery Shoppe.
  9105 | D:9      | Found a radiant altar of Vehumet.
  9237 | D:10     | Entered Level 10 of the Dungeon
  9474 | D:10     | Noticed Erolcha
  9480 | D:10     | Killed Erolcha
  9480 | D:10     | Reached **** piety under Qazlal
  9501 | D:10     | Acquired 597 gold pieces
  9672 | D:10     | Found a portal to a secret trove of treasure.
  9891 | D:11     | Noticed quinnr's ghost (journeyman TeAE)
  9945 | D:11     | Noticed a two-headed ogre
  9965 | D:11     | Killed a two-headed ogre
 10185 | D:11     | Reached skill level 10 in Dodging
 10224 | D:11     | Found a staircase to the Lair.
 10300 | D:11     | Reached skill level 5 in Armour
 10680 | D:11     | Reached XP level 12. HP: 62/96 MP: 6/15
 10822 | D:11     | Found a runed translucent door.
 10884 | Lair:1   | Entered Level 1 of the Lair of Beasts
 10901 | Lair:1   | Noticed Joseph
 10913 | Lair:1   | Killed Joseph
 10947 | Lair:1   | Reached skill level 10 in Fighting
 11807 | Lair:2   | Reached ***** piety under Qazlal
 11862 | Lair:2   | Found a staircase to the Swamp.
 11970 | Lair:2   | Noticed a six-headed hydra
 11982 | Lair:2   | Killed a six-headed hydra
 12035 | Lair:2   | Noticed Sonja
 12045 | Lair:2   | Killed Sonja
 12151 | Lair:2   | Reached skill level 17 in Polearms
 12452 | Lair:3   | Noticed a five-headed hydra
 12462 | Lair:3   | Killed a five-headed hydra
 12632 | Lair:3   | Found a staircase to the Snake Pit.
 12664 | Lair:3   | Found a runed translucent door.
 12773 | Lair:3   | Reached skill level 5 in Invocations
 12773 | Lair:3   | Reached XP level 13. HP: 99/107 MP: 7/16
 12786 | Lair:3   | Learned a level 2 spell: Blink
 13462 | Lair:4   | Acquired the +1 pair of boots of Submission {Will+ Dex+4}
 13671 | Lair:4   | Found a staircase to the Slime Pits.
 13679 | Lair:4   | Found a gate leading to a gauntlet.
 14399 | Lair:5   | Entered Level 5 of the Lair of Beasts
 14957 | Lair:5   | Reached skill level 18 in Polearms
 15188 | Lair:5   | Reached XP level 14. HP: 88/118 MP: 10/19
 15625 | Lair:5   | Noticed an azure jelly
 15634 | Lair:5   | Killed an azure jelly
 16465 | Lair:5   | Identified the +7 mace "Malud" {vorpal, Dex+5}
 16858 | Orc:1    | Entered Level 1 of the Orcish Mines
 16894 | Orc:1    | Reached ****** piety under Qazlal
 16926 | Orc:1    | Noticed Nergalle
 16935 | Orc:1    | Noticed Erica
 16935 | Orc:1    | Noticed Maurice
 16940 | Orc:1    | Killed Nergalle
 16945 | Orc:1    | Killed Erica
 16954 | Orc:1    | Killed Maurice
 17155 | Orc:2    | Entered Level 2 of the Orcish Mines
 17196 | Orc:2    | Reached skill level 19 in Polearms
 17362 | Orc:2    | Found a staircase to the Elven Halls.
 17792 | Orc:2    | Found Xanirgh's Magic Scroll Boutique.
 17796 | Orc:2    | Found Mosau's Distillery.
 17904 | Orc:2    | Gained mutation: You sometimes lose your temper in combat.
                  | [a neqoxec]
 17943 | Orc:2    | Gained mutation: You have an uncontrollable temper. [a
                  | neqoxec]
 18063 | Orc:2    | Reached XP level 15. HP: 84/127 MP: 11/20
 18064 | Orc:2    | Reached skill level 10 in Armour
 18092 | Orc:2    | Reached skill level 15 in Fighting
 18102 | Orc:2    | Gained mutation: You are clumsy. (Dex -2) [a neqoxec]
 18684 | Orc:2    | Found Gesyelao's Antique Armour Emporium.
 18684 | Orc:2    | Found Uluhoan's Book Shoppe.
 18684 | Orc:2    | Found a one-way gate leading to the halls of Pandemonium.
 18957 | Orc:1    | Noticed Snorg
 18967 | Orc:1    | Killed Snorg
 19102 | Elf:1    | Entered Level 1 of the Elven Halls
 19110 | Elf:1    | Reached skill level 20 in Polearms
 19330 | Elf:1    | Noticed a deep elf sorcerer
 19337 | Elf:1    | Killed a deep elf sorcerer
 19656 | Elf:1    | Noticed Agnes
 19668 | Elf:1    | Killed Agnes
 19791 | Elf:1    | Found an ancient bone altar of Kikubaaqudgha.
 20059 | Elf:1    | Reached skill level 21 in Polearms
 20231 | Elf:1    | Lost mutation: You are clumsy. (Dex -2) [potion of
                  | mutation]
 20231 | Elf:1    | Lost mutation: You have an uncontrollable temper. [potion
                  | of mutation]
 20231 | Elf:1    | Gained mutation: You have a somewhat thin skeletal
                  | structure. (Dex +2, Stealth+) [potion of mutation]
 20248 | Elf:1    | Got Puukekom's Secrets of Blows and Bruises
 20271 | Elf:1    | Lost mutation: You have a somewhat thin skeletal structure.
                  | (Dex +2, Stealth+) [potion of mutation]
 20271 | Elf:1    | Lost mutation: You sometimes lose your temper in combat.
                  | [potion of mutation]
 20271 | Elf:1    | Gained mutation: You are strong-willed. (Will+) [potion of
                  | mutation]
 20271 | Elf:1    | Gained mutation: You occasionally shout uncontrollably at
                  | your foes. [potion of mutation]
 20271 | Elf:1    | Gained mutation: You are partially covered in iridescent
                  | scales. (AC +2) [potion of mutation]
 20308 | Elf:1    | Noticed Nikola
 20324 | Elf:1    | Killed Nikola
 21490 | D:11     | Killed quinnr's ghost
 21502 | D:11     | Got Sif Muna's Grimoire of the Boulder
 21581 | D:12     | Reached XP level 16. HP: 126/127 MP: 12/21
 23505 | D:14     | Reached skill level 22 in Polearms
 23555 | D:14     | Found an ornate altar of the Wu Jian Council.
 23760 | D:14     | Found a gate to the Vaults.
 24095 | D:15     | Entered Level 15 of the Dungeon
 24107 | D:15     | Found a glowing golden altar of the Shining One.
 24397 | D:15     | Found a staircase to the Depths.
 24591 | D:15     | Found a transporter.
 24593 | D:15     | Noticed Ryruocesk's ghost (adept DEFE)
 24600 | D:15     | Found a transporter.
 24955 | D:15     | Noticed Azrael
 24965 | D:15     | Killed Azrael
 25061 | D:15     | Found a stormy altar of Qazlal.
 25390 | Swamp:1  | Entered Level 1 of the Swamp
 25797 | Lair:2   | Reached XP level 17. HP: 122/151 MP: 13/22
 25800 | Lair:2   | Reached skill level 23 in Polearms
 26264 | Swamp:1  | Noticed Aizul
 26276 | Swamp:1  | Killed Aizul
 27285 | Swamp:2  | Noticed Valamore's ghost (adept HOMo)
 27306 | Swamp:2  | Found a transporter.
 27306 | Swamp:2  | Found a transporter.
 27329 | Swamp:2  | Found a bloodstained altar of Trog.
 29090 | Swamp:4  | Entered Level 4 of the Swamp
 29695 | Swamp:3  | Reached skill level 24 in Polearms
 30382 | Swamp:4  | Reached skill level 15 in Dodging
 30401 | Swamp:3  | Reached XP level 18. HP: 86/162 MP: 23/23
 30779 | Swamp:4  | Identified Roxanne's Collected Works on Metamorphosis
 30779 | Swamp:4  | Noticed Roxanne
 30912 | Swamp:4  | Got a decaying rune of Zot
 31262 | Swamp:4  | Killed Roxanne
 31401 | Snake:1  | Entered Level 1 of the Snake Pit
 34727 | Snake:3  | Reached skill level 25 in Polearms
 35351 | Snake:4  | Entered Level 4 of the Snake Pit
 36036 | Snake:4  | Noticed Vashnia
 36050 | Snake:4  | Killed Vashnia
 36051 | Snake:4  | Reached XP level 19. HP: 118/173 MP: 24/24
 37034 | Snake:4  | Got a serpentine rune of Zot
 37234 | Snake:4  | Found a hide-covered altar of Uskayaw.
 38211 | Elf:2    | Reached skill level 26 in Polearms
 38291 | Elf:2    | Found a runed translucent gate.
 38291 | Elf:2    | Found a runed translucent gate.
 38291 | Elf:2    | Found a runed translucent gate.
 39535 | Elf:3    | Entered Level 3 of the Elven Halls
 39547 | Elf:3    | Learned a level 7 spell: Storm Form
 39685 | Elf:3    | Noticed Asterion
 39695 | Elf:3    | Killed Asterion
 40232 | Elf:3    | Slain by a deep elf blademaster

Illustrated notes

Levels and vault maps discovered:
D:1:      onia_arrival_handbag, layout_loops_corners
D:2:      layout_rooms
D:3:      layout_basic, shapermc_ecumenical_altar_totnotflames, uniq_ijyb
D:4:      layout_loops_ring, minitemple, general_overflow_altar,
          minmay_temple_entry_statues_pillars, serial_shops,
          nicolae_shop_statue_plus
D:5:      layout_cave_pools, cheibrodos_sewer_entry_drain, serial_undead,
          serial_undead_b, serial_undead_e, serial_undead_f, serial_undead_c,
          dreamdust_gnoll_farm
D:6:      layout_layer_cave, mainiacjoe_overflow_alcove_2,
          serial_bayou_lagoon_a, uniq_maggie
D:7:      layout_loops_ring, serial_shops, shop, uniq_duvessa
D:8:      layout_layer_cave, kennysheep_slug_shrine, serial_ice, serial_ice_h,
          serial_ice_o, serial_ice_l, serial_ice_c, st_stairs_8,
          minmay_misc_feat_alley, uniq_grum
D:9:      layout_rooms, vehumet_altar_wand_db, orc_0_dummy, serial_shops,
          nicolae_shop_temple_entry_statues_fountains
D:10:     layout_rooms, nicolae_trove_entry_isolated, minmay_crystal_water,
          uniq_erolcha
D:11:     layout_roguey, minmay_lair_entry_grove, hellmonk_ghost_big_iron,
          serial_glass, glass_columns_c, glass_columns_b, glass_columns_a,
          glass_columns_b, glass_columns_c, glass_columns_a, feat_on_display,
          item_on_display_a, unseen_surprise_small, nzn_life_drinkers
D:12:     layout_small_grid
D:13:     layout_loops_ring
D:14:     layout_irregular_city, david_vaults_1, nicolae_wu_jian_wuxing_cycle
D:15:     grunt_enter_depths_magical_seal, layout_loops_cross,
          grunt_qazlal_clouds, gammafunk_ghost_mausoleum, tso_metal_star,
          uniq_azrael
Temple:   nicolae_temple_superstar
Lair:1:   layout_loops_ring, minmay_hedge_maze, grunt_forest_small_clearings,
          chequers_serial_rivers_marsh, uniq_joseph
Lair:2:   layout_gridlike, swamp_mist, uniq_sonja
Lair:3:   layout_chaotic_city, guppyfry_snake_entry_garden, pf_torpor_hydra
Lair:4:   layout_cellular_growth, nicolae_slime_entry_slimehenge,
          gauntlet_entry_generic, grunt_megastairs_1
Lair:5:   evilmike_catoblepas_cave, layout_regular_city,
          nicolae_lair_time_for_slime, infiniplex_staircase_pool
Swamp:1:  layout_basic_swamp, evilmike_swamp_ruin_rubble_1,
          infiniplex_staircase_pool_2, uniq_aizul
Swamp:2:  nicolae_swamp_decorative_isthmus, layout_basic_swamp,
          gammafunk_ghost_wrathful_warriors, evilmike_swamp_ruin_house_2
Swamp:3:  layout_basic_swamp, serial_swamp_ruin, evilmike_swamp_ruin_house_1,
          hangedman_swamp_ruin_wall, evilmike_swamp_ruin_rubble_2, swamp_pool4,
          st_swamp_ruins_3
Swamp:4:  swamp_alternative, layout_basic_swamp, uniq_roxanne
Snake:1:  layout_concentric_octagons, grunt_megastairs_5
Snake:2:  layout_layer_cave
Snake:3:  layout_onion_interference, lemuel_fruit_tree, grunt_megastairs_3
Snake:4:  hellmonk_snake_rune_quicksilver_temple, layout_cave_town, basic_altar,
          uniq_vashnia
Orc:1:    layout_diamond_mine, uniq_maurice, uniq_erica, uniq_nergalle,
          uniq_snorg
Orc:2:    pf_orc_diabolical, layout_diamond_mine, nooodl_orcs_dogs
Elf:1:    layout_loops_corners, basic_altar, minmay_elf_annihilation,
          uniq_agnes, uniq_nikola
Elf:2:    elven_hall_of_blades_hangedman_original
          [nicolae_blade_entry_area_security], layout_geoelf_octagon
Elf:3:    minmay_elf_hall_four_x, layout_geoelf_diagonals, minivault_25,
          amcnicky_mini_corridor_feature, uniq_asterion

Skill      XL: |  1  2  3  4  5  6  7  8  9 10 11 12 13 14 15 16 17 18 19 |
---------------+----------------------------------------------------------+-----
Polearms       | 5 7 8 10 11 14 16 17 18 19 21 22 24 25 26 | 26.6
Shields        | 1 |  1.1
Armour         | 1 3 5 6 8 9 10 | 10.0
Fighting       | 3 6 9 11 13 14 17 18 20 21 22 | 22.6
Dodging        | 5 8 10 11 13 15 16 17 | 17.4
Invocations    | 3 4 5 6 7 |  7.0
Throwing       | |  2.0

Action                   |  1- 3 |  4- 6 |  7- 9 | 10-12 | 13-15 | 16-18 | 19-21 || total
-------------------------+-------+-------+-------+-------+-------+-------+-------++-------
Melee: Trident           |    89 |    29 |       |       |       |       |       ||   118
       Glaive            |       |    59 |   210 |       |       |   454 |   350 ||  1073
       Tailslap          |       |       |     1 |       |       |    29 |       ||    30
       Halberd           |       |       |    23 |   378 |   866 |   838 |       ||  2105
       Spear             |       |       |       |    15 |     8 |    19 |       ||    42
       Punch             |       |       |       |       |       |     1 |       ||     1
Throw: Javelin           |     1 |     1 |       |       |       |       |       ||     2
       Throwing net      |     1 |       |       |       |       |       |       ||     1
       Dart              |       |       |     8 |     8 |     1 |       |       ||    17
Invok: Elemental Force   |       |       |       |       |     1 |     2 |       ||     3
       Upheaval          |       |       |       |       |     1 |       |       ||     1
Evoke: Wand              |       |       |       |       |     2 |     2 |       ||     4
  Use: Scroll            |       |     6 |    12 |     3 |    11 |     7 |     2 ||    41
       Potion            |       |       |       |     1 |     4 |     1 |       ||     6
 Stab: Sleeping          |     4 |       |       |       |       |       |       ||     4
       Held in net/web   |     1 |       |       |       |       |       |       ||     1
       Distracted        |       |       |       |     1 |       |       |       ||     1
Armor: Leather armour    |    11 |       |       |       |       |       |       ||    11
       Scale mail        |       |    22 |    72 |       |       |       |       ||    94
       Ring mail         |       |     5 |    15 |    33 |       |       |       ||    53
       Plate armour      |       |       |       |    36 |   190 |   448 |   110 ||   784
Dodge: Dodged            |    47 |    35 |    85 |   108 |   283 |   537 |   115 ||  1210
       Repelled          |       |       |       |     5 |     2 |    37 |     9 ||    53
Block: Other             |       |     8 |    53 |    91 |   323 |   589 |   153 ||  1217
       Reflection        |       |     1 |     1 |     7 |    11 |    48 |    17 ||    85

Table legend: (Time is in decaauts)
 A = Elapsed time spent in this place.
 B = Non-inter-level travel time spent in this place.
 C = Inter-level travel time spent in this place.
 D = Time resting spent in this place.
 E = Time spent auto-exploring this place.
 F = Levels seen in this place.
 G = Mean time per level.
                   A        B        C        D        E       F      G
               +--------+--------+--------+--------+--------+-----+--------+
         Total |  38981 |  36789 |   2192 |   7051 |  24260 |  35 | 1113.7 |
       Dungeon |  14359 |  13534 |    825 |   1517 |  10063 |  15 |  957.3 |
        Temple |    100 |     89 |     11 |      0 |     73 |   1 |  100.0 |
          Lair |   6704 |   6208 |    496 |   1192 |   4178 |   5 | 1340.8 |
         Swamp |   4735 |   4585 |    150 |   1596 |   2291 |   4 | 1183.8 |
     Snake Pit |   5762 |   5448 |    314 |   1453 |   3359 |   4 | 1440.5 |
  Orcish Mines |   2352 |   2107 |    245 |    454 |   1159 |   2 | 1176.0 |
   Elven Halls |   4617 |   4469 |    148 |    839 |   2887 |   3 | 1539.0 |
         Sewer |    349 |    349 |      0 |      0 |    249 |   1 |  349.0 |
               +--------+--------+--------+--------+--------+-----+--------+

Top non-repeatable levels by time:
 Swamp:3: 2295 daAuts
   Elf:1: 2176 daAuts
  Lair:5: 1893 daAuts
   Orc:2: 1888 daAuts
 Snake:4: 1819 daAuts
   Elf:2: 1775 daAuts
     D:6: 1661 daAuts
 Snake:1: 1444 daAuts
 Snake:2: 1443 daAuts
     D:8: 1438 daAuts
  Lair:4: 1430 daAuts
  Lair:2: 1408 daAuts
     D:3: 1252 daAuts
 Swamp:2: 1222 daAuts
    D:11: 1209 daAuts
